 Dungeon Crawl Stone Soup version 0.26-a0-597-gb535b0901c (webtiles) character file.

Game seed: 9309945079202919396

23 Alarkh the Insei (level 2, 0/23 HPs)
             Began as a Demonspawn Gladiator on Sept 15, 2020.
             Succumbed to an adder's poison
             ... on level 3 of the Dungeon.
             The game lasted 00:00:46 (911 turns).

Alarkh the Insei (Demonspawn Gladiator)              Turns: 911, Time: 00:00:46

Health: 0/23       AC:  4    Str: 14    XL:     2   Next: 72%
Magic:  11/11      EV: 12    Int:  9    God:
Gold:   16         SH:  0    Dex: 14    Spells: 1/1 levels left

rFire    + . .     SeeInvis .     - Unarmed
rCold    + . .     Faith    .   (no shield)
rNeg     . . .     Spirit   .   a - +0 leather armour
rPois    .         Reflect  .   b - +0 helmet
rElec    .         Harm     .   e - scarf {rC+ rF+}
rCorr    .                      (no gloves)
MR       .....                  (no boots)
Stlth    +.........             (no amulet)
HPRegen  0.07/turn              h - ring of flight
MPRegen  0.12/turn              i - ring of magical power

@: lethally poisoned (0 -> -7), hasted, very quick
A: powered by death 1
a: Evoke Flight


You were on level 3 of the Dungeon.
You visited 1 branch of the dungeon, and saw 3 of its levels.

You collected 16 gold pieces.

Inventory:

Missiles
 c - 3 throwing nets (quivered)
Armour
 a - a +0 leather armour (worn)
 b - a +0 helmet (worn)
 e - a scarf of resistance (worn)
Jewellery
 h - a ring of flight (left hand)
 i - a ring of magical power (right hand)
Scrolls
 f - 2 scrolls of teleportation {unknown}
 g - a scroll of identify {unknown}
 j - a scroll of magic mapping {unknown}
 k - 2 scrolls of remove curse {unknown}
Potions
 d - a potion of haste


   Skills:
 + Level 2.4 Fighting
 - Level 1.7 Throwing
 - Level 2.6 Dodging
 * Level 3.4 Unarmed Combat


You had one spell level left.
You didn't know any spells.
Your spell library was empty.

Dungeon Overview and Level Annotations

Branches:
Dungeon (3/15)

Altars:
Ashenzari
Qazlal
Sif Muna


Innate Abilities, Weirdness & Mutations

You regenerate a little health from kills.


Message History

Okay, then.
Okay, then.
* * * LOW HITPOINT WARNING * * *
You feel sick.
There is a stone staircase leading down here.
* * * LOW HITPOINT WARNING * * *
You feel sick.
You climb downwards.
Found a scroll labeled IRYSIEROES.
There is a stone staircase leading up here.
* * * LOW HITPOINT WARNING * * *
You feel sick.
Found a stormy altar of Qazlal and a shimmering blue altar of Sif Muna.
Found a shattered altar of Ashenzari.
* * * LOW HITPOINT WARNING * * *
You feel sick.
Found a stone staircase leading down.
* * * LOW HITPOINT WARNING * * *
You feel sick.
You die...

.......<.#..####...#
#######.##.........#
.......?......._...#
#...##.###.....8_..#
#. #. ###..._...#
#.####.......##
#.......######
######..# #@.# #.##
.># ####


There were no monsters in sight!

Vanquished Creatures
  An adder (D:2)
  A ball python (D:1)
  A goblin (D:1)
  3 hobgoblins (D:1)
  3 jackals (D:1)
  A kobold (D:1)
  A bat (D:1)
11 creatures vanquished.

Notes
Turn   | Place    | Note
-------+----------+-------------------------------------------
     0 | D:1      | Alarkh the Demonspawn Gladiator began the quest for the
                  | Orb.
     0 | D:1      | Reached XP level 1. HP: 16/16 MP: 1/1
   449 | D:1      | Reached skill level 3 in Unarmed Combat
   454 | D:1      | Gained mutation: You regenerate a little health from kills.
                  | [demonic ancestry]
   454 | D:1      | Reached XP level 2. HP: 13/22 MP: 2/2
   903 | D:3      | Found a stormy altar of Qazlal.
   903 | D:3      | Found a shimmering blue altar of Sif Muna.
   904 | D:3      | Found a shattered altar of Ashenzari.
   908 | D:3      | HP: 1/23 [poisoned by an adder]
   911 | D:3      | Succumbed to an adder's poison

Illustrated notes

Levels and vault maps discovered:
D:1:      dpeg_arrival_simpleton_b, layout_loops_corners
D:2:      wander_river, layout_rooms, nicolae_gozag_zags_fifth_avenue,
          grunt_decor_cap, uniq_natasha
D:3:      layout_basic, chequers_temple_overflow_statue_of_worship,
          grunt_temple_overflow_champion_of_chaos, gammafunk_ghost_icy

Skill      XL: |  1 |
---------------+----+-----
Unarmed Combat | 3 |  3.4
Fighting       | |  2.4
Throwing       | |  1.7
Dodging        | |  2.6

Action                   || total
-------------------------++-------
Melee: Unarmed           ||    51
  Use: Potion            ||     1
Armor: Leather armour    ||    14
Dodge: Dodged            ||    25

Table legend: (Time is in decaauts)
 A = Elapsed time spent in this place.
 B = Non-inter-level travel time spent in this place.
 C = Inter-level travel time spent in this place.
 D = Time resting spent in this place.
 E = Time spent auto-exploring this place.
 F = Levels seen in this place.
 G = Mean time per level.
                   A        B        C        D        E       F      G
               +--------+--------+--------+--------+--------+-----+--------+
         Total |    902 |    859 |     43 |      0 |    766 |   3 |  300.7 |
       Dungeon |    902 |    859 |     43 |      0 |    766 |   3 |  300.7 |
               +--------+--------+--------+--------+--------+-----+--------+

Top non-repeatable levels by time:
     D:1: 881 daAuts
     D:2: 14 daAuts
     D:3: 6 daAuts
